 Dungeon Crawl Stone Soup version 0.32-a0-960-g3814254bd7 (webtiles) character file.

Game seed: 5737084002381982588

23060 trashops the Severer (level 12, -8/106 HPs)
             Began as a Mountain Dwarf Fighter on Apr 17, 2024.
             Was a High Priest of Okawaru.
             Mangled by a skeletal warrior
             ... wielding a +0 halberd
              (10 damage)
             ... on level 12 of the Dungeon.
             The game lasted 00:27:35 (12603 turns).

trashops the Severer (Mountain Dwarf Fighter)      Turns: 12603, Time: 00:27:36

Health: -8/106     AC: 24    Str: 23    XL:     12   Next: 68%
Magic:  12/12      EV:  6    Int: 10    God:    Okawaru [*****.]
Gold:   654        SH:  0    Dex:  9    Spells: 11/11 levels left

rFire   + . .        x - +2 battleaxe (freeze)
rCold   + . .        (shield currently unavailable)
rNeg    . . .        c - +3 plate armour
rPois   .            (no helmet)
rElec   .            r - +0 cloak
rCorr   .            e - +0 pair of gloves
SInv    .            i - +2 pair of boots {rampage}
Will    +....        C - amulet of regeneration Stlth
                     K - ring of protection from fire
HPRegen 1.17/turn    q - ring of protection from cold
MPRegen 0.13/turn

%: rampage
@: no status effects
A: runic magic, artefact enchanting
a: Renounce Religion, Heroism, Finesse, Duel


You were on level 12 of the Dungeon.
You worshipped Okawaru.
Okawaru was extremely pleased with you.
You visited 2 branches of the dungeon, and saw 15 of its levels.
You also visited: Sewer.

You collected 834 gold pieces.
You spent 180 gold pieces at shops.

Inventory:

Hand Weapons
 a - a +1 war axe of electrocution
 x - a +2 battleaxe of freezing (weapon)
 D - a +0 battleaxe
 F - a +1 flail of draining
Missiles
 p - 2 throwing nets (quivered)
 P - 3 darts of dispersal
Armour
 c - a +3 plate armour (worn)
 e - a +0 pair of gloves (worn)
 i - a +2 pair of boots of rampaging (worn)
 l - a +2 buckler
 r - a +0 cloak (worn)
Jewellery
 k - an amulet of the acrobat
 m - a ring of willpower
 q - a ring of protection from cold (right hand)
 w - a ring of positive energy
 C - an amulet of regeneration (around neck)
 G - an amulet of faith
 K - a ring of protection from fire (left hand)
 L - a ring of magical power
 M - a +6 ring of dexterity
 N - a ring of wizardry
 O - a ring of magical power
 Q - a ring of magical power
Wands
 b - a wand of roots (14)
 v - a wand of paralysis (16)
 y - a wand of polymorph (11)
 R - a wand of flame (9)
Scrolls
 f - a scroll of torment
 j - 2 scrolls of fog
 n - 6 scrolls of identify
 o - 2 scrolls of noise
 t - 2 scrolls of silence
 u - 4 scrolls of teleportation
 z - 3 scrolls of poison
 A - 4 scrolls of revelation
 E - a scroll of summoning {unknown}
Potions
 d - 3 potions of might
 g - a potion of attraction
 h - a potion of mutation
 s - 6 potions of enlightenment
 B - a potion of resistance
 H - a potion of magic
 I - 2 potions of brilliance


   Skills:
 + Level 9.7 Fighting
 * Level 19.2 Axes
 + Level 10.9 Armour
 + Level 7.2 Shields


You had 11 spell levels left.
You didn't know any spells.
Your spell library contained the following spells:

 Spells                   Type           Power      Damage    Failure   Level
 Magic Dart               Conj           0%         1d3       56%         1
 Cigotuvi's Dreadful Rot  Necr/Alch/Air  0%         N/A       71%         2
 Ensorcelled Hibernation  Hex/Ice        0%         N/A       71%         2
 Scorch                   Fire           0%         2d5       71%         2
 Searing Ray              Conj           0%         2d4       71%         2
 Flame Wave               Conj/Fire      0%         2d4       100%        4
 Fulminant Prism          Conj/Alch      0%         3d5       100%        4
 Ignite Poison            Fire/Alch      0%         N/A       100%        4
 Iskenderun's Mystic Bla Conj/Tloc 0%             2d3        (+2d1     100%        4
 Leda's Liquefaction      Alch/Erth      0%         N/A       100%        4
 Petrify                  Alch/Erth      0%         N/A       100%        4
 Freezing Cloud           Conj/Ice/Air   0%         6-21      100%        5
 Metabolic Englaciation   Hex/Ice        0%         N/A       100%        5
 Polar Vortex             Ice            0%         N/A       100%        9
 Summon Ice Beast         Ice/Summ       Unusable   N/A       N/A         3
 Summon Cactus Giant      Summ           Unusable   N/A       N/A         6

Dungeon Overview and Level Annotations

Branches:
Dungeon (14/15)            Temple (1/1) D:6            Lair (0/5) D:10
    Orc (0/2) D:12          Sewer (visited)
 Vaults: D:13-14

Altars:
Ashenzari
Cheibriados
Dithmenos
Elyvilon
Fedhas
Gozag
Hepliaklqana
Kikubaaqudgha
Makhleb
Nemelex Xobeh
Okawaru
Qazlal
Ru
Sif Muna
Trog
Uskayaw
Vehumet
Wu Jian
Xom
Yredelemnul
Zin
The Shining One

Shops:
D:4 *   D:11 (


Innate Abilities, Weirdness & Mutations

Your spellcasting is much less encumbered by armour.
You can use scrolls of enchantment on lesser artefacts.


Message History

You hit the skeletal warrior.
The skeletal warrior is moderately damaged.
The skeletal warrior hits you with a +0 war axe.
The skeletal warrior barely misses you.
You slash the skeletal warrior! You freeze the skeletal warrior.
The skeletal warrior is heavily damaged.
You barely miss the skeletal warrior.
The skeletal warrior is heavily damaged.
You slash the skeletal warrior!
The skeletal warrior hits you with a +0 war axe!
The skeletal warrior hits you from afar with a +0 halberd!
You slice the skeletal warrior!! You freeze the skeletal warrior.
The skeletal warrior is almost destroyed.
You closely miss the skeletal warrior.
The skeletal warrior hits you with a +0 halberd.
The skeletal warrior hits you with a +0 war axe!!
The skeletal warrior hits you but does no damage.
You barely miss the skeletal warrior.
The skeletal warrior is almost destroyed.
You closely miss the skeletal warrior.
The skeletal warrior completely misses you.
The skeletal warrior hits you with a +0 war axe!
* * * LOW HITPOINT WARNING * * *
The skeletal warrior hits you from afar with a +0 halberd!
* * * LOW HITPOINT WARNING * * *
The skeletal warrior hits you but does no damage. x2
The skeletal warrior closely misses you.
You climb upwards.
There is a stone staircase leading down, spattered with blood here.
The skeletal warrior hits you from afar with a +0 halberd!
* * * LOW HITPOINT WARNING * * *
The skeletal warrior attacks as it pursues you!
The skeletal warrior hits you with a +0 war axe.
* * * LOW HITPOINT WARNING * * *
Unknown command.
Okay, then.
As you read the scroll of immolation, it crumbles to dust.
The creatures around you are filled with an inner flame!
The skeletal warrior hits you from afar with a +0 halberd!
You die...

.......#.≈≈.#.........#
#######'.≈≈.#.).......#
≈≈≈≈≈≈≈≈≈ß≈.#.........#
≈≈≈≈≈≈≈≈≈≈ß...######..#
............#.........#
#.......#.|.##........#
#..§....#....#...###..#
#..§...§#....#..[# #..#
#..###§§'....#..@# #..#
#..###§.#....#..z# #..#
#.......#....#..z# #..#
#.......#....#...# #..#
#.##....#....#...###..#
..##....# #........#
..##....# #........#
..{cO...# #........#
....O...# #.######.#


You could see 2 skeletal warriors.

Vanquished Creatures
  Harold (D:8)
  An ogre mage (D:12)
  Erica (D:8)
  A centaur warrior (D:13)
  3 two-headed ogres
  2 occultists (D:12)
  Amaemon (D:10)
  7 arcanists (D:12)
  A deep elf pyromancer (D:9)
  An ugly thing (D:12)
  A cyclops (D:7)
  An orange demon (D:10)
  Maggie (D:9)
  3 unseen horrors
  A kobold demonologist (D:12)
  Grinder (D:5)
  2 trolls
  A hornet (D:7)
  Prince Ribbit (D:5)
  3 water elementals
  An air elemental (D:10)
  A shadow (D:10)
  A wyvern (D:9)
  3 wraiths
  2 vampires
  15 yaks
  Eustachio (D:5)
  A fire elemental (D:10)
  2 steam dragons
  3 vampire mosquitoes (D:11)
  Duvessa (D:4)
  2 ice beasts
  9 orc warriors
  2 ogres
  6 centaurs
  A kobold brigand (D:11)
  A brain worm (Sewer)
  A phantom (D:6)
  4 bullfrogs
  Blork the orc (D:4)
  4 gnoll sergeants
  2 scorpions
  An earth elemental (D:10)
  6 wights
  Dowan (D:4)
  12 killer bees
  10 howler monkeys
  5 electric eels
  5 hounds
  2 bombardier beetles
  6 orc priests
  Crazy Yiuf (D:5)
  Ijyb (D:5)
  An iguana (D:6)
  8 orc wizards
  10 adders
  14 gnolls
  3 river rats (Sewer)
  3 shadow imps
  4 white imps (D:5)
  6 ufetubi
  6 ribbon worms
  3 dart slugs
  46 orcs
  14 ball pythons
  15 bats
  11 endoplasms
  3 giant cockroaches
  9 goblins
  10 hobgoblins
  3 jackals (Sewer)
  9 kobolds
  8 quokkas
  3 frilled lizards
  2 rats
339 creatures vanquished.

Notes
Turn   | Place    | Note
-------+----------+-------------------------------------------
     0 | D:1      | trashops the Mountain Dwarf Fighter began the quest for the
                  | Orb.
     0 | D:1      | Reached XP level 1. HP: 19/19 MP: 1/1
   156 | D:1      | Reached skill level 3 in Axes
   156 | D:1      | Reached XP level 2. HP: 10/26 MP: 2/2
   423 | D:1      | Reached XP level 3. HP: 31/31 MP: 3/3
  1298 | D:2      | Reached XP level 4. HP: 35/40 MP: 4/4
  1673 | D:3      | Reached skill level 4 in Axes
  2318 | D:3      | Got the Quarto of Akashic Hail
  2419 | D:4      | Noticed a centaur
  2430 | D:4      | Killed a centaur
  2431 | D:4      | Reached skill level 5 in Axes
  2431 | D:4      | Reached XP level 5. HP: 36/46 MP: 5/5
  2512 | D:4      | Noticed Dowan
  2513 | D:4      | Noticed Duvessa
  2550 | D:4      | Found Acsaefoh's Assorted Antiques.
  2566 | D:4      | Noticed Blork the orc
  2581 | D:4      | Killed Blork the orc
  2582 | D:4      | Reached skill level 6 in Axes
  2759 | D:4      | Reached XP level 6. HP: 41/52 MP: 6/6
  3147 | D:4      | Killed Dowan
  3163 | D:4      | Killed Duvessa
  3164 | D:4      | Reached skill level 7 in Axes
  3469 | D:5      | Entered Level 5 of the Dungeon
  3483 | D:5      | Reached XP level 7. HP: 58/60 MP: 7/7
  3553 | D:5      | Noticed Grinder
  3554 | D:5      | Noticed Prince Ribbit
  3569 | D:5      | Killed Prince Ribbit
  3570 | D:5      | Reached skill level 8 in Axes
  3570 | D:5      | Reached skill level 5 in Armour
  3777 | D:5      | Killed Grinder
  3778 | D:5      | Reached skill level 9 in Axes
  3778 | D:5      | Reached XP level 8. HP: 67/67 MP: 8/8
  3960 | D:5      | Found a blossoming altar of Fedhas.
  4499 | D:5      | Reached skill level 5 in Fighting
  4499 | D:5      | Reached skill level 10 in Axes
  4846 | D:5      | Noticed Ijyb
  4857 | D:5      | Killed Ijyb
  5031 | D:5      | Noticed Eustachio
  5038 | D:5      | Killed Eustachio
  5227 | D:5      | Found a runed translucent door.
  5228 | D:5      | Noticed Crazy Yiuf
  5235 | D:5      | Killed Crazy Yiuf
  5561 | D:6      | Found a glowing drain.
  5586 | Sewer    | Entered a sewer
  5655 | Sewer    | Reached skill level 11 in Axes
  5777 | Sewer    | Reached skill level 5 in Shields
  6282 | D:6      | Reached XP level 9. HP: 74/74 MP: 9/9
  6373 | D:6      | Found a staircase to the Ecumenical Temple.
  6408 | Temple   | Entered the Ecumenical Temple
  6918 | D:7      | Reached skill level 12 in Axes
  6979 | D:7      | Noticed a cyclops
  6994 | D:7      | Killed a cyclops
  7143 | D:7      | Reached skill level 13 in Axes
  7507 | D:7      | Found a bloodstained altar of Trog.
  7677 | D:8      | Found a broken altar of Ashenzari.
  7677 | D:8      | Found a burning altar of Makhleb.
  8153 | D:8      | Reached XP level 10. HP: 77/83 MP: 10/10
  8294 | D:9      | Found an ornate altar of the Wu Jian Council.
  8336 | D:9      | Found a stormy altar of Qazlal.
  8379 | D:9      | Reached skill level 14 in Axes
  8453 | D:9      | Noticed a deep elf pyromancer
  8483 | D:9      | Killed a deep elf pyromancer
  8581 | D:9      | Noticed Harold
  8583 | D:9      | Noticed Erica
  8761 | D:8      | Killed Erica
  8762 | D:8      | HP: 4/84 [troll (6)]
  8918 | D:8      | Killed Harold
  8919 | D:8      | Reached skill level 15 in Axes
  9048 | D:9      | Noticed Maggie
  9055 | D:9      | Killed Maggie
  9056 | D:9      | Reached XP level 11. HP: 90/92 MP: 11/11
  9144 | D:9      | Found a glowing silver altar of Zin.
  9208 | D:10     | Entered Level 10 of the Dungeon
  9352 | D:10     | Noticed Amaemon
  9535 | D:10     | Found an iron altar of Okawaru.
  9538 | D:10     | Became a worshipper of Warmaster Okawaru
  9557 | D:10     | Found a staircase to the Lair.
  9577 | D:10     | Reached skill level 16 in Axes
  9786 | D:10     | Killed Amaemon
  9859 | D:10     | Found a large runed translucent door.
  9859 | D:10     | Found a large runed translucent door.
  9882 | D:10     | Reached * piety under Okawaru
  9894 | D:10     | Paralysed by an air elemental for 1 turns
  9897 | D:10     | Paralysed by an air elemental for 1 turns
 10344 | D:11     | Found Gizegodd's Antique Weapon Shoppe.
 10448 | D:11     | Bought a glowing battleaxe for 180 gold pieces
 10484 | D:11     | Reached ** piety under Okawaru
 10984 | D:12     | Noticed a soul eater
 10991 | D:12     | Reached skill level 17 in Axes
 11041 | D:12     | Noticed an arcanist
 11048 | D:12     | Killed an arcanist
 11080 | D:12     | Noticed an arcanist
 11086 | D:12     | Noticed a two-headed ogre
 11087 | D:12     | Killed an arcanist
 11088 | D:12     | Reached skill level 10 in Armour
 11089 | D:12     | Noticed an ogre mage
 11090 | D:12     | Noticed a two-headed ogre
 11239 | D:12     | Noticed a two-headed ogre
 11245 | D:12     | Killed a two-headed ogre
 11245 | D:12     | Reached *** piety under Okawaru
 11332 | D:13     | Killed a two-headed ogre
 11333 | D:13     | Reached XP level 12. HP: 81/103 MP: 12/12
 11359 | D:13     | Killed a two-headed ogre
 11409 | D:12     | Killed an ogre mage
 11445 | D:12     | Reached **** piety under Okawaru
 11457 | D:12     | Reached skill level 18 in Axes
 11709 | D:12     | Found the +3 warlock's mirror {omnireflect}
 11749 | D:12     | Reached ***** piety under Okawaru
 11885 | D:12     | Received a gift from Okawaru
 11948 | D:12     | Reached skill level 19 in Axes
 12133 | D:12     | Found a staircase to the Orcish Mines.
 12445 | D:13     | Noticed a centaur warrior
 12448 | D:13     | Killed a centaur warrior
 12491 | D:14     | Noticed a centaur warrior
 12602 | D:12     | HP: 1/106 [skeletal warrior/+0 war axe (6)]
 12603 | D:12     | Mangled by a skeletal warrior

Illustrated notes

Levels and vault maps discovered:
D:1:      shiori_arrival_oz, layout_basic
D:2:      layout_basic, kennysheep_generic_room_4
D:3:      layout_loops_corners
D:4:      layout_basic, serial_shops, nicolae_shop_advertising_works
          [nicolae_subvault_shop_adworks], uniq_duvessa, uniq_blork_the_orc
D:5:      cheibrodos_two_vegetables, layout_loops_corners,
          mainiacjoe_overflow_tiny_flanked, serial_demonic, serial_demonic_e,
          serial_demonic_a, serial_demonic_e, serial_demonic_g,
          uniq_prince_ribbit1, uniq_grinder, uniq_ijyb, uniq_eustachio,
          uniq_crazy_yiuf_cottage
D:6:      layout_basic, minmay_temple_entry_waves, cheibrodos_sewer_entry_sluice
D:7:      layout_basic, nicolae_overflow_hidden_temple
D:8:      layout_loops_ring, mainiacjoe_overflow_large_starburst
D:9:      kennysheep_blocky_hall, layout_rooms, mainiacjoe_overflow_alcove_1,
          zin_academy, grunt_qazlal_clouds, uniq_erica, uniq_maggie, uniq_harold
D:10:     layout_small_grid, okawaru_trees_2, lair_entry_dummy,
          lightli_elemental_guards, uniq_amaemon
D:11:     layout_basic, serial_shops, nicolae_shop_peninsula
D:12:     minmay_smoke_and_mirrors, layout_stronghold, erik_orc_2
D:13:     gammafunk_worm_tunnel, layout_basic, david_vaults_2,
          makhleb_altar_promises_db
D:14:     layout_roguey, minmay_misc_feat_pillars, kb_tengu_band
Temple:   nicolae_temple_bog_church

Skill      XL: |  1  2  3  4  5  6  7  8  9 10 11 12 |
---------------+-------------------------------------+-----
Axes           | 3 5 6 7 9 11 13 15 17 19 | 19.2
Armour         | 4 5 6 7 9 10 | 10.9
Fighting       | 4 5 6 7 8 9 |  9.7
Shields        | 4 5 6 7 |  7.2

Action                     |  1- 3 |  4- 6 |  7- 9 | 10-12 || total
---------------------------+-------+-------+-------+-------++-------
  Melee: War axe           |   119 |   158 |   422 |   275 ||   974
         Battleaxe         |       |       |       |   237 ||   237
    Use: Scroll            |       |    10 |    10 |    12 ||    32
         Potion            |       |     5 |     5 |     9 ||    19
   Stab: Invisible         |       |       |     1 |       ||     1
 Armour: Scale mail        |    72 |   122 |    69 |       ||   263
         Plate armour      |       |       |   278 |   669 ||   947
  Dodge: Dodged            |    52 |    82 |   162 |   145 ||   441
  Block: Buckler           |    23 |    33 |   152 |    92 ||   300

Table legend: (Time is in decaauts)
 A = Elapsed time spent in this place.
 B = Non-inter-level travel time spent in this place.
 C = Inter-level travel time spent in this place.
 D = Time resting spent in this place.
 E = Time spent auto-exploring this place.
 F = Levels seen in this place.
 G = Mean time per level.
                   A        B        C        D        E       F      G
               +--------+--------+--------+--------+--------+-----+--------+
         Total |  12838 |  12308 |    530 |   1785 |   7379 |  16 |  802.4 |
       Dungeon |  11953 |  11429 |    524 |   1785 |   6876 |  14 |  853.8 |
        Temple |     33 |     27 |      6 |      0 |      0 |   1 |   33.0 |
         Sewer |    852 |    852 |      0 |      0 |    503 |   1 |  852.0 |
               +--------+--------+--------+--------+--------+-----+--------+

Top non-repeatable levels by time:
     D:5: 1980 daAuts
    D:12: 1252 daAuts
     D:4: 1208 daAuts
     D:1: 1031 daAuts
    D:11: 887 daAuts
     D:8: 872 daAuts
   Sewer: 852 daAuts
     D:7: 818 daAuts
     D:3: 776 daAuts
     D:9: 727 daAuts
    D:10: 722 daAuts
     D:2: 686 daAuts
     D:6: 582 daAuts
    D:13: 403 daAuts
  Temple: 33 daAuts
